 Dungeon Crawl Stone Soup version 0.28.0-53-g5a82cb258f (webtiles) character file.

Game seed: 15505820466515183211

3154 styxcanada the Covert (level 9, 0/45 HPs)
             Began as a Spriggan Brigand on May 21, 2022.
             Was an Initiate of Gozag.
             Slain by a kobold brigand
             ... wielding a +0 spear
              (8 damage)
             ... on level 8 of the Dungeon on May 22, 2022.
             The game lasted 00:35:58 (7581 turns).

styxcanada the Covert (Spriggan Brigand)            Turns: 7581, Time: 00:35:59

Health: 0/45       AC:  4    Str:  7    XL:     9   Next: 62%
Magic:  16/18      EV: 22    Int: 13    God:    Gozag
Gold:   517        SH:  0    Dex: 20    Spells: 17/19 levels left

rFire   . . .      SeeInvis +   u - +1 dagger (flame)
rCold   . . .      Faith    .   (no shield)
rNeg    . . .      Spirit   .   b - +0 robe
rPois   .          Reflect  .   (helmet restricted)
rElec   .          Harm     .   c - +1 cloak
rCorr   .          Rampage  .   (gloves unavailable)
Will    +....                   (boots unavailable)
Stlth   +++++.....              w - amulet of regeneration
HPRegen 0.95/turn               (no ring)
MPRegen 0.16/turn               (no ring)

@: lethally poisoned (0 -> -1), gold aura, very quick
A: very small, no large weapons, unfitting armour, see invisible, speed 3
a: Renounce Religion, Potion Petition, Call Merchant, Bribe Branch


You were on level 8 of the Dungeon.
You worshipped Gozag.
Gozag was pleased with you.
You visited 2 branches of the dungeon, and saw 9 of its levels.

You collected 618 gold pieces.
You paid 101 gold pieces to Gozag.

Inventory:

Hand Weapons
 a - a +2 dagger
 h - a +0 short sword of holy wrath
 m - the +5 mace "Wede" {spect, Str+2}
   (You found it on level 6 of the Dungeon)

   When its wielder attacks, the weapon's spirit leaps out and strikes again.
   The spirit shares a part of any damage it takes with its wielder.
   Str:       It affects your strength (+2).
 u - a +1 dagger of flaming (weapon)
 v - a +0 hunting sling
 y - a +3 short sword
Missiles
 d - 7 poisoned darts (quivered)
 g - 61 sling bullets
 i - 138 stones
Armour
 b - a +0 robe (worn)
 c - a +1 cloak (worn)
Jewellery
 w - an amulet of regeneration (around neck)
 C - a +4 ring of protection
Wands
 k - a wand of flame (44)
 r - a wand of acid (5)
 t - a wand of iceblast (10)
 x - a wand of digging (6)
Scrolls
 o - a scroll of teleportation {unknown}
 q - 3 scrolls of fog
Potions
 f - a potion of heal wounds
 j - a potion of cancellation
 l - 3 potions of lignification
 n - a potion of mutation
 p - 2 potions of might {unknown}
 s - 2 potions of flight {unknown}
 z - a potion of invisibility {unknown}
 A - 3 potions of magic {unknown}
 B - a potion of degeneration {unknown}


   Skills:
 + Level 3.9 Fighting
 + Level 4.8 Short Blades
 + Level 0.1 Maces & Flails
 + Level 1.4(3.6) Slings
 + Level 4.3(4.4) Throwing
 * Level 7.1 Dodging
 * Level 11.3 Stealth
 * Level 5.7 Spellcasting
 * Level 4.0 Hexes
 * Level 2.2 Ice Magic
 * Level 4.9 Evocations


You had 17 spell levels left.
You knew the following spells:

 Your Spells              Type           Power      Damage    Failure   Level
a - Ensorcelled Hibernat  Hex/Ice        22%        N/A       7%          2

Your spell library contained the following spells:

 Spells                   Type           Power      Damage    Failure   Level
 Animate Skeleton         Necr           6%         N/A       17%         1
 Apportation              Tloc           6%         N/A       17%         1
 Summon Small Mammal      Summ           12%        N/A       17%         1
 Passwall                 Tmut/Erth      2%         N/A       26%         2
 Swiftness                Air            3%         N/A       45%         3
 Iskenderun's Battlesphe  Conj           3%         2d6       99%         5
 Iron Shot                Conj/Erth      1%         9d1       100%        6
 Spellforged Servitor     Conj/Summ      1%         N/A       100%        7


Dungeon Overview and Level Annotations

Branches:
Dungeon (8/15)             Temple (1/1) D:6
   Lair: D:8-11

Altars:
Cheibriados
Dithmenos
Elyvilon
Fedhas
Gozag
Hepliaklqana
Kikubaaqudgha
Makhleb
Nemelex Xobeh
Okawaru
Qazlal
Ru
Sif Muna
Trog
Vehumet
Wu Jian
Yredelemnul
Zin
The Shining One


Innate Abilities, Weirdness & Mutations

You are very small and have problems with some larger weapons.
You are too small for most types of armour.
You have supernaturally acute eyesight. (SInv)
You cover ground extremely quickly. (Speed+++)


Message History

The kobold brigand is severely wounded.
The kobold brigand misses you.
You hit the kobold brigand. You burn the kobold brigand.
The kobold brigand is almost dead.
The kobold brigand hits you with a +0 spear.
You closely miss the kobold brigand.
The kobold brigand is almost dead.
You barely miss the kobold brigand.
The kobold brigand is almost dead.
The kobold brigand hits you with a +0 spear!
* * * LOW HITPOINT WARNING * * *
You closely miss the kobold brigand.
The kobold brigand is almost dead.
The kobold brigand completely misses you.
The kobold brigand throws a poisoned dart.
The poisoned dart hits you!
You are poisoned.
Throw: dart (curare)
Press: ? - help, Q - select action, (/) - cycle Shift-Dir - straight line, f - kobold brigand
Aim: a kobold brigand, wielding a +0 spear and quivering poisoned darts (almost dead, 59% to hit)
You throw a curare-tipped dart.
The curare-tipped dart barely misses the kobold brigand.
The curare-tipped dart hits the kobold.
The kobold is poisoned.
The kobold convulses.
You kill the kobold!
You feel very sick.
Casting: Ensorcelled Hibernation (safe; 7% risk of failure)
Confirm with . or Enter, or press ? or * to list all spells.
Aiming: Ensorcelled Hibernation (safe; 7% risk of failure)
Press: ? - help, Shift-Dir - straight line, f/p - kobold brigand
Aim: a kobold brigand, wielding a +0 spear and quivering poisoned darts (almost dead, chance to affect: 45%)
The kobold brigand resists with some effort.
You feel sick. The kobold brigand barely misses you.
You feel sick.
You completely miss the kobold brigand.
The kobold brigand is almost dead.
You feel sick.
The kobold brigand hits you with a +0 spear!
You die...
Your body crumbles into a pile of gold.

### ..# )#. ... ..#...
######## #.. .....# #
#....<.# #..##$#..#.#
#.####.# #.......... .
..##.# #....$..#
#.#.##.# #$# #.#.##.#
#K# #......# ##@##
###.#### #...#
#)..##### #...#
........# #$..#
#...#.#.# #####.(.####
......$.###...........#
..$c.$.$$$..$..........
........###...........#
#...#.#.# #####...#####


You could see a kobold brigand.

Vanquished Creatures
  2 water moccasins
  2 orc warriors
  4 sky beasts
  3 ogres
  A centaur (D:6)
  3 phantoms
  Blork the orc (D:4)
  3 bullfrogs
  A wyvern zombie (D:7)
  2 scorpions
  A wyvern skeleton (D:7)
  7 wights (D:8)
  3 howler monkeys
  A centaur zombie (D:7)
  A centaur skeleton (D:7)
  5 orc priests
  A hound (D:5)
  A jelly (D:5)
  Crazy Yiuf (D:6)
  A bullfrog skeleton (D:5)
  Jessica (D:2)
  6 iguanas
  Terence (D:2)
  9 orc wizards
  Ijyb (D:3)
  A hound zombie (D:5)
  4 adders
  A shadow imp (D:6)
  3 white imps
  3 worms (D:3)
  2 dart slugs
  23 orcs
  5 ball pythons
  5 bats
  4 endoplasms
  2 giant cockroaches
  3 goblins
  6 hobgoblins
  11 kobolds
  A quokka (D:1)
  11 frilled lizards
  3 rats (D:1)
150 creatures vanquished.

Notes
Turn   | Place    | Note
-------+----------+-------------------------------------------
     0 | D:1      | styxcanada the Spriggan Brigand began the quest for the
                  | Orb.
     0 | D:1      | Reached XP level 1. HP: 10/10 MP: 2/2
   134 | D:1      | Reached skill level 6 in Stealth
   468 | D:1      | Reached XP level 2. HP: 14/14 MP: 3/3
  1234 | D:1      | Reached XP level 3. HP: 18/18 MP: 5/5
  1574 | D:2      | Noticed Jessica
  1598 | D:2      | Killed Jessica
  1599 | D:2      | Reached skill level 7 in Stealth
  1599 | D:2      | Reached skill level 1 in Spellcasting
  1959 | D:2      | Noticed Terence
  1998 | D:2      | Killed Terence
  1999 | D:2      | Reached XP level 4. HP: 7/23 MP: 6/6
  2712 | D:3      | Noticed Ijyb
  2714 | D:3      | Killed Ijyb
  2867 | D:3      | Noticed a scorpion
  2877 | D:3      | Killed a scorpion
  2878 | D:3      | Reached XP level 5. HP: 26/26 MP: 8/8
  2903 | D:3      | Reached skill level 1 in Evocations
  3064 | D:3      | Reached skill level 8 in Stealth
  3452 | D:4      | Reached XP level 6. HP: 30/30 MP: 10/10
  3880 | D:4      | Noticed Blork the orc
  3885 | D:4      | Killed Blork the orc
  4123 | D:4      | Reached skill level 9 in Stealth
  4123 | D:4      | Reached XP level 7. HP: 35/35 MP: 10/12
  4332 | D:5      | Entered Level 5 of the Dungeon
  4620 | D:5      | Learned a level 2 spell: Ensorcelled Hibernation
  4685 | D:5      | Reached skill level 5 in Dodging
  4877 | D:5      | Reached skill level 1 in Hexes
  4877 | D:5      | Reached XP level 8. HP: 32/39 MP: 14/14
  5088 | D:5      | Reached skill level 1 in Ice Magic
  5514 | D:5      | Found an ancient bone altar of Kikubaaqudgha.
  5751 | D:6      | HP: 1/40 [orc warrior/+0 broad axe (19)]
  5815 | D:6      | Found a staircase to the Ecumenical Temple.
  5826 | D:6      | Reached skill level 1 in Slings
  5841 | Temple   | Entered the Ecumenical Temple
  5912 | Temple   | Became a worshipper of Gozag Ym Sagoz the Greedy
  6211 | D:6      | Found a runed translucent door.
  6212 | D:6      | Noticed Crazy Yiuf
  6245 | D:6      | Killed Crazy Yiuf
  6284 | D:6      | Identified the +5 mace "Wede" {spect, Str+2}
  6370 | D:6      | Reached skill level 10 in Stealth
  6703 | D:7      | Reached XP level 9. HP: 45/45 MP: 17/17
  6715 | D:7      | Reached skill level 5 in Spellcasting
  7520 | D:8      | Reached skill level 11 in Stealth
  7581 | D:8      | Slain by a kobold brigand

Illustrated notes

Levels and vault maps discovered:
D:1:      ebering_trefoil_twist, layout_rooms, minmay_lizard_pond
D:2:      layout_loops_ring, wander_ebering_terrifying_dragon_lair,
          uniq_jessica, uniq_terence
D:3:      layout_loops_ring, uniq_ijyb
D:4:      layout_basic, uniq_blork_the_orc
D:5:      layout_loops_ring, mainiacjoe_overflow_chevrons,
          minmay_misc_feat_square, kennysheep_crisscross
D:6:      layout_basic, minmay_temple_entry_tees, kennysheep_generic_room_16,
          uniq_crazy_yiuf_cottage
D:7:      layout_rooms
D:8:      layout_loops_cross, lair_entry_dummy
Temple:   mainiacjoe_temple_coin_purse

Skill      XL: |  1  2  3  4  5  6  7  8  9 |
---------------+----------------------------+-----
Stealth        | 6 7 8 9 10 11 | 11.3
Dodging        | 2 3 4 5 6 7 |  7.1
Spellcasting   | 1 2 3 4 5 |  5.7
Fighting       | 2 3 |  3.9
Short Blades   | 3 4 |  4.8
Evocations     | 1 2 3 4 |  4.9
Throwing       | 3 4 |  4.3
Hexes          | 1 2 4 |  4.0
Ice Magic      | 1 2 |  2.2
Slings         | 1 |  1.4
Maces & Flails | |  0.1

Action                   |  1- 3 |  4- 6 |  7- 9 || total
-------------------------+-------+-------+-------++-------
Melee: Dagger            |   107 |   115 |   273 ||   495
       Punch             |       |     1 |     6 ||     7
       Short sword       |       |       |    59 ||    59
       Mace              |       |       |    22 ||    22
 Fire: Hunting sling     |       |       |     9 ||     9
Throw: Dart              |    14 |    29 |    62 ||   105
 Cast: Ensorcelled Hiber |       |       |    10 ||    10
Evoke: Wand              |       |     3 |    12 ||    15
  Use: Scroll            |       |     5 |     8 ||    13
       Potion            |       |       |     2 ||     2
 Stab: Sleeping          |     8 |    11 |    18 ||    37
       Distracted        |       |       |     4 ||     4
Armor: Robe              |    12 |     7 |    30 ||    49
Dodge: Dodged            |    82 |    71 |   271 ||   424
